 Dungeon Crawl Stone Soup version 0.29-a0-982-gaed3a0c8d8 (webtiles) character file.

Game seed: 4660083578598670480

1052 leavemydog the Cleaver (level 8, -2/68 HPs)
             Began as a Hill Orc Fighter on Aug 1, 2022.
             Slain by a gnoll
             ... wielding a +0 halberd
              (8 damage)
             ... on level 5 of the Dungeon.
             The game lasted 00:10:07 (4544 turns).

leavemydog the Cleaver (Hill Orc Fighter)           Turns: 4544, Time: 00:10:09

Health: -2/68      AC:  9    Str: 27    XL:     8   Next: 26%
Magic:  8/8        EV:  9    Int:  8    God:
Gold:   231        SH: 10    Dex: 10    Spells: 7/7 levels left

rFire   . . .      SeeInvis .   a - +0 war axe
rCold   . . .      Faith    .   c - +0 buckler
rNeg    . . .      Spirit   .   b - +0 scale mail
rPois   .          Reflect  +   (no helmet)
rElec   .          Harm     .   s - scarf {+Inv}
rCorr   .          Rampage  .   m - +1 pair of gloves
Will    +....                   (no boots)
Stlth   ..........              r - amulet of reflection
HPRegen 0.21/turn               z - +6 ring of strength
MPRegen 0.11/turn               (no ring)

@: no status effects
A: strong-willed 1, wild magic 1, MP-powered wands
a: Evoke Invisibility


You were on level 5 of the Dungeon.
You visited 1 branch of the dungeon, and saw 5 of its levels.

You collected 231 gold pieces.

Inventory:

Hand Weapons
 a - a +0 war axe (weapon)
Missiles
 y - 2 throwing nets (quivered)
Armour
 b - a +0 scale mail (worn)
 c - a +0 buckler (worn)
 m - a +1 pair of gloves (worn)
 s - a scarf of invisibility (worn)
Jewellery
 r - an amulet of reflection (around neck)
 t - an amulet of regeneration
 z - a +6 ring of strength (left hand)
Wands
 f - a wand of roots (5)
 j - a wand of acid (10)
 k - a wand of mindburst (13)
 n - a wand of charming (8)
Scrolls
 p - a scroll of vulnerability {unknown}
 u - a scroll of immolation {unknown}
 v - a scroll of amnesia {unknown}
 w - a scroll of torment
Potions
 d - a potion of might
 e - a potion of haste
 g - 2 potions of attraction {unknown}
 i - a potion of brilliance {unknown}
 l - a potion of degeneration {unknown}
 o - 3 potions of lignification
 q - a potion of cancellation {unknown}
 x - a potion of ambrosia {unknown}
 A - a potion of flight {unknown}


   Skills:
 + Level 5.0 Fighting
 * Level 10.0 Axes
 + Level 5.1 Armour
 + Level 5.0 Shields


You had 7 spell levels left.
You didn't know any spells.
Your spell library contained the following spells:

 Spells                   Type           Power      Damage    Failure   Level
 Apportation              Tloc           0%         N/A       83%         1
 Beastly Appendage        Tmut           0%         N/A       83%         1
 Necrotise                Necr           0%         1d4       83%         1
 Summon Small Mammal      Summ           0%         N/A       83%         1
 Wereblood                Tmut           0%         N/A       92%         2
 Spider Form              Tmut/Pois      0%         N/A       99%         3


Dungeon Overview and Level Annotations

Branches:
Dungeon (5/15)
 Temple: D:4-7

Altars:
Ashenzari
Kikubaaqudgha


Innate Abilities, Weirdness & Mutations

You are strong-willed. (Will+)
Your spells are a little harder to cast, but a little more powerful.
You expend magic power (3 MP) to strengthen your wands.


Message History

The gnoll hits you from afar with a +0 halberd!
The gnoll hits you with a +0 whip.
You are too injured to fight recklessly!
You are too injured to fight recklessly!
You miss the phantom.
The phantom is heavily damaged.
You closely miss the gnoll. You slash the gnoll!
You kill the gnoll!
The gnoll hits you but does no damage. You block the phantom's attack.
You block the gnoll's attack. The gnoll barely misses you.
Your Axes skill increases to level 10!
You hit the gnoll.
You kill the gnoll!
You miss the phantom.
The phantom hits you but does no damage.
The gnoll barely misses you.
The gnoll hits you from afar with a +0 halberd!
* * * LOW HITPOINT WARNING * * *
You block the gnoll's attack. The phantom hits you.
* * * LOW HITPOINT WARNING * * *
The gnoll throws a throwing net.
The throwing net barely misses you.
You closely miss the gnoll.
The gnoll is almost dead.
You barely miss the phantom. The phantom barely misses you.
The gnoll hits you with a +0 spear.
* * * LOW HITPOINT WARNING * * *
The gnoll barely misses you.
You feel better. The phantom hits you.
* * * LOW HITPOINT WARNING * * *
The phantom blinks!
You blink.
The gnoll hits you from afar with a +0 halberd.
* * * LOW HITPOINT WARNING * * *
Okay, then.
As you read the scroll labelled EGECEN BUMNARI, it crumbles to dust.
Your body is wracked with pain!
* * * LOW HITPOINT WARNING * * *
The gnoll convulses!
It was a scroll of torment.
You block the gnoll's attack. You block the phantom's attack.
The gnoll hits you from afar with a +0 halberd!
You die...

########............
#(..................
#...................
#...................
#.....).............
####+###.).....##########+#
#.......§......#
#...<...g§.....#
#.......g.@....#
#.........W....##
#..........._.....
#.................
##+#####..........
##'#####... #))...#....#
#.....#....#
#.....#....###+#.


You could see a phantom and 2 gnolls.

Vanquished Creatures
  Grinder (D:4)
  Sigmund (D:4)
  2 ogres (D:5)
  A bullfrog (D:3)
  2 scorpions (D:4)
  A hound (D:4)
  A jelly (D:4)
  3 iguanas (D:4)
  An orc wizard (D:5)
  6 gnolls
  2 adders
  A worm (D:2)
  A dart slug (D:2)
  11 orcs
  10 ball pythons
  3 bats
  4 endoplasms
  4 giant cockroaches
  8 goblins
  9 hobgoblins
  10 jackals
  2 quokkas
  3 frilled lizards
  7 kobolds
  4 rats
98 creatures vanquished.

Notes
Turn   | Place    | Note
-------+----------+-------------------------------------------
     0 | D:1      | leavemydog the Hill Orc Fighter began the quest for the
                  | Orb.
     0 | D:1      | Reached XP level 1. HP: 19/19 MP: 1/1
   309 | D:1      | Reached skill level 3 in Axes
   309 | D:1      | Reached XP level 2. HP: 27/27 MP: 2/2
   325 | D:1      | Found a faded altar of an unknown god.
  1325 | D:2      | Reached XP level 3. HP: 33/33 MP: 3/3
  1577 | D:2      | Reached skill level 4 in Axes
  2128 | D:3      | Found an ancient bone altar of Kikubaaqudgha.
  2158 | D:3      | Reached XP level 4. HP: 34/34 MP: 4/4
  2434 | D:3      | Noticed a bullfrog
  2443 | D:3      | Killed a bullfrog
  2444 | D:3      | Reached skill level 5 in Axes
  2444 | D:3      | Reached XP level 5. HP: 28/46 MP: 5/5
  2700 | D:4      | Noticed Sigmund
  2825 | D:4      | Gained mutation: You occasionally lose the ability to read
                  | scrolls when taking damage. [potion of mutation]
  2825 | D:4      | Gained mutation: You are resistant to electric shocks.
                  | (rElec) [potion of mutation]
  2843 | D:4      | Reached skill level 6 in Axes
  2948 | D:4      | Noticed Grinder
  3141 | D:4      | Killed Sigmund
  3142 | D:4      | Reached skill level 7 in Axes
  3142 | D:4      | Reached XP level 6. HP: 52/53 MP: 6/6
  3298 | D:4      | Reached XP level 7. HP: 28/60 MP: 7/7
  3321 | D:4      | Paralysed by Grinder for 3 turns
  3329 | D:4      | Killed Grinder
  3330 | D:4      | Reached skill level 8 in Axes
  3579 | D:4      | Lost mutation: You are resistant to electric shocks.
                  | (rElec) [potion of mutation]
  3579 | D:4      | Lost mutation: You occasionally lose the ability to read
                  | scrolls when taking damage. [potion of mutation]
  3579 | D:4      | Gained mutation: Your spells are a little harder to cast,
                  | but a little more powerful. [potion of mutation]
  3579 | D:4      | Gained mutation: You expend magic power (3 MP) to
                  | strengthen your wands. [potion of mutation]
  3579 | D:4      | Gained mutation: You are strong-willed. (Will+) [potion of
                  | mutation]
  3764 | D:4      | Reached skill level 9 in Axes
  4104 | D:5      | Entered Level 5 of the Dungeon
  4169 | D:5      | Found a broken altar of Ashenzari.
  4176 | D:5      | Reached XP level 8. HP: 46/67 MP: 8/8
  4304 | D:5      | Reached skill level 5 in Fighting
  4304 | D:5      | Reached skill level 5 in Armour
  4320 | D:5      | Reached skill level 5 in Shields
  4540 | D:5      | Reached skill level 10 in Axes
  4544 | D:5      | Slain by a gnoll

Illustrated notes

Levels and vault maps discovered:
D:1:      lemuel_arrival_cross, layout_basic, ebering_ecumenical_altar_rust,
          chequers_arboretum, chequers_serial_rivers_micro_b, glass_columns_b
D:2:      layout_loops_cross, grunt_ministairs_5
D:3:      layout_rooms, kiku_gazebo_pond_becter
D:4:      layout_rooms, uniq_sigmund, uniq_grinder
D:5:      layout_gridville, overflow_temple_1_default,
          minmay_temple_entry_slanted, minmay_strange_pillars,
          uniq_crazy_yiuf_cottage, uniq_pikel

Skill      XL: |  1  2  3  4  5  6  7  8 |
---------------+-------------------------+-----
Axes           | 3 4 5 7 9 10 | 10.0
Fighting       | 4 5 |  5.0
Armour         | 4 5 |  5.1
Shields        | 4 5 |  5.0

Action                   |  1- 3 |  4- 6 |  7- 9 || total
-------------------------+-------+-------+-------++-------
Melee: War axe           |   127 |   117 |    98 ||   342
  Use: Scroll            |       |     6 |     1 ||     7
       Potion            |       |     4 |     3 ||     7
Armor: Scale mail        |    57 |    31 |    36 ||   124
       Skin              |       |    25 |       ||    25
Dodge: Dodged            |    75 |    38 |    27 ||   140
Block: Buckler           |    24 |    66 |    57 ||   147
       Reflection        |       |       |     1 ||     1

Table legend: (Time is in decaauts)
 A = Elapsed time spent in this place.
 B = Non-inter-level travel time spent in this place.
 C = Inter-level travel time spent in this place.
 D = Time resting spent in this place.
 E = Time spent auto-exploring this place.
 F = Levels seen in this place.
 G = Mean time per level.
                   A        B        C        D        E       F      G
               +--------+--------+--------+--------+--------+-----+--------+
         Total |   4613 |   4503 |    110 |    996 |   2713 |   5 |  922.6 |
       Dungeon |   4613 |   4503 |    110 |    996 |   2713 |   5 |  922.6 |
               +--------+--------+--------+--------+--------+-----+--------+

Top non-repeatable levels by time:
     D:4: 1439 daAuts
     D:1: 1345 daAuts
     D:2: 824 daAuts
     D:3: 664 daAuts
     D:5: 340 daAuts
